 Dungeon Crawl Stone Soup version 0.24.0-2-g5b39cebb1c (webtiles) character file.

Game seed: 14970850064973066861, levelgen mode: deterministic

13 Amplified the Caller (level 2, -1/25 HPs)
             Began as a Minotaur Summoner on Oct 29, 2019.
             Slain by a hobgoblin
             ... wielding a +0 club
              (3 damage)
             ... on level 2 of the Dungeon.
             The game lasted 00:02:08 (712 turns).

Amplified the Caller (Minotaur Summoner)             Turns: 712, Time: 00:02:08

Health: -1/25      AC:  2    Str: 11 (12) XL:     2   Next: 24%
Magic:  3/3        EV: 12    Int: 11 (12) God:
Gold:   19         SH:  0    Dex:  8 (10) Spells: 2/3 levels left

rFire    . . .     SeeInvis .   e - +0 short sword
rCold    . . .     Gourm    .   (no shield)
rNeg     . . .     Faith    .   a - +0 robe
rPois    .         Spirit   .   (helmet restricted)
rElec    .         Reflect  .   (no cloak)
rCorr    .         Harm     .   (no gloves)
MR       .....                  (no boots)
Stlth    +.........             (no amulet)
HPRegen  0.08/turn              (no ring)
MPRegen  0.08/turn              (no ring)

@: no status effects
A: retaliatory headbutt, horns 2
a: no special abilities


You were on level 2 of the Dungeon.
You were not hungry.

You visited 1 branch of the dungeon, and saw 2 of its levels.

You collected 19 gold pieces.

Inventory:

Hand Weapons
 e - a +0 short sword (weapon)
Missiles
 b - 17 stones (quivered)
 d - 20 bolts
 g - 4 boomerangs
Armour
 a - a +0 robe (worn)
Comestibles
 c - 2 rations
 f - 3 chunks of flesh


   Skills:
 * Level 2.4 Fighting
 - Level 2.1 Dodging
 - Level 1.5 Stealth
 - Level 1.3 Spellcasting
 - Level 2.9 Summonings


You had 2 spell levels left.
You knew the following spells:

 Your Spells              Type           Power        Failure   Level  Hunger
a - Summon Small Mammal   Summ           #...         10%         1    ##.....

Your spell library contained the following spells:

 Spells                   Type           Power        Failure   Level  Hunger
 Call Imp                 Summ           #.......     14%         2    ###....
 Call Canine Familiar     Summ           #.......     28%         3    ####...
 Summon Guardian Golem    Hex/Summ       #.......     45%         3    ####...
 Summon Ice Beast         Ice/Summ       #.......     86%         4    #####..
 Summon Lightning Spire   Summ/Air       #.......     86%         4    #####..


Dungeon Overview and Level Annotations

Branches:
Dungeon (2/15)

Altars:


Innate Abilities, Weirdness & Mutations

You reflexively headbutt those who attack you in melee.
You have a pair of horns on your head.


Message History

The hobgoblin hits you with a +0 club.
* * * LOW HITPOINT WARNING * * *
Unknown command.
You see here a +0 dagger.
You aren't carrying any potions.
Unknown command.
A frilled lizard comes into view.
The frilled lizard hisses angrily.
You aren't carrying any scrolls.
Unknown command.
Okay, then.
You aren't carrying any items that you can evoke.
Unknown command.
You aren't carrying any scrolls.
Unknown command.
Found 18 arrows.
Found a stone staircase leading down.
You miss the frilled lizard.
Your headbutt misses the frilled lizard.
The hobgoblin hits you with a +0 club.
You die...

....### #.# ......####.#
#.###......####### # ..#
######.......# ># .###
#.#####.. .( ...## #.#
.# ##..######.# ..###
###.....##.#######......
..#####.......gg@l......
#.. #####.######......
##.# #.# ..... #..##
####.## ....
#..###.....##. #..
####...†........# #
#.<..#.........##
..####.........#
#####...........#


You could see 2 hobgoblins and a frilled lizard.

Vanquished Creatures
  A giant cockroach (D:1)
  A goblin (D:2)
  2 hobgoblins
  3 bats
  3 kobolds
  3 rats
13 creatures vanquished.

Vanquished Creatures (collateral kills)
  A leopard gecko (D:2)
1 creature vanquished.

Grand Total: 14 creatures vanquished

Notes
Turn   | Place    | Note
-------+----------+-------------------------------------------
     0 | D:1      | Amplified the Minotaur Summoner began the quest for the
                  | Orb.
     0 | D:1      | Reached XP level 1. HP: 14/14 MP: 1/1
   130 | D:1      | Reached skill level 1 in Fighting
   482 | D:1      | Reached XP level 2. HP: 18/24 MP: 0/3
   692 | D:2      | HP: 1/25 [hobgoblin/+0 club (3)]
   712 | D:2      | Slain by a hobgoblin

Levels and vault maps discovered:
D:1:      dpeg_arrival_tiny_a, layout_basic, minmay_three_crescents
D:2:      layout_rooms

Skill      XL: |  1 |
---------------+----+-----
Fighting       | 2 |  2.4
Dodging        | |  2.1
Stealth        | |  1.5
Spellcasting   | |  1.3
Summonings     | |  2.9

Action                   || total
-------------------------++-------
Melee: Unarmed           ||    55
       Headbutt          ||     4
       Short sword       ||     9
Throw: Stone             ||     4
 Cast: Summon Small Mamm ||     8
  Use: Scroll            ||     1
       Potion            ||     1
 Stab: Sleeping          ||     2
Armor: Robe              ||     9
Dodge: Dodged            ||    56
